 Dungeon Crawl Stone Soup version 0.29-a0-8-g0446c0dae4 (webtiles) character file.

Game seed: 6591898363388657427

2163 innerfire433 the Poker (level 9, -3/73 (85) HPs)
             Began as a Kobold Chaos Knight on Jan 27, 2022.
             Was a Plaything of Xom.
             Slain by a wight (4 damage)
             ... on level 7 of the Dungeon.
             The game lasted 00:16:26 (9440 turns).

innerfire433 the Poker (Kobold Chaos Knight)        Turns: 9440, Time: 00:16:26

HP:   -3/73 (85)    AC: 24    Str: 16    XL:     9   Next: 57%
MP:   9/9           EV:  3    Int: 11    God:    Xom [.*....]
Gold: 338           SH:  4    Dex: 14    Spells: 8/8 levels left

rFire   + . .      SeeInvis +   a - +0 spear (chaos)
rCold   . . .      Faith    .   v - +0 buckler
rNeg    . . .      Spirit   .   (armour currently unavailable)
rPois   +          Reflect  .   (helmet currently unavailable)
rElec   .          Harm     .   (cloak currently unavailable)
rCorr   .          Rampage  .   (gloves currently unavailable)
Will    .....      Clarity  +   (boots currently unavailable)
Stlth   ++........ NoTele   +   (no amulet)
HPRegen 0.22/turn               f - ring of protection from fire
MPRegen 0.11/turn               o - ring of see invisible

@: brilliant, tree-form, attractive, hasted, heavily drained, very quick
A: stationary, stasis, torment immunity, boosted hp, small, no large weapons,
nightstalker 3, (hooves 1), clarity, dopey 1, (poison resistance), strong 1,
(sturdy frame 1)
a: Renounce Religion


You were on level 7 of the Dungeon.
You worshipped Xom.
You were a plaything of Xom.
You were a tree.
You visited 2 branches of the dungeon, and saw 8 of its levels.

You collected 338 gold pieces.

Inventory:

Hand Weapons
 a - a +0 spear of chaos (weapon)
 d - a +0 trident
 y - a +4 flail of protection
Armour
 b - a +2 leather armour (melded)
 c - a scarf of shadows
 e - a +0 cloak (melded)
 h - a +0 pair of gloves (melded)
 v - a +0 buckler (worn)
Jewellery
 f - a ring of protection from fire (left branch)
 o - a ring of see invisible (right branch)
 p - a ring of wizardry
 A - a ring of fire
Wands
 s - a wand of acid (2)
 w - a wand of polymorph (10)
Scrolls
 g - a scroll of vulnerability
 j - a scroll of teleportation
 k - a scroll of brand weapon
 l - 6 scrolls of identify
 t - a scroll of fog
Potions
 i - a potion of degeneration
 n - 2 potions of brilliance
 q - a potion of attraction
 u - a potion of resistance {unknown}
 x - a potion of ambrosia {unknown}
 z - a potion of heal wounds {unknown}


   Skills:
 + Level 7.3 Fighting
 * Level 7.6 Polearms
 + Level 5.0 Armour
 - Level 2.4 Dodging


You had 8 spell levels left.
You didn't know any spells.
Your spell library contained the following spells:

 Spells                   Type           Power      Damage    Failure   Level
 Conjure Flame            Conj/Fire      0%         6-21      86%         3
 Ignite Poison            Fire/Tmut/Pois 0%         N/A       86%         3
 Sticky Flame             Conj/Fire      0%         2d3       99%         4


Dungeon Overview and Level Annotations

Branches:
Dungeon (7/15)             Temple (1/1) D:5

Altars:
Ashenzari
Cheibriados
Elyvilon
Fedhas
Gozag
Hepliaklqana
Kikubaaqudgha
Makhleb
Nemelex Xobeh
Okawaru
Qazlal
Ru
Trog
Uskayaw
Vehumet
Wu Jian
Xom
Zin
The Shining One

Shops:
D:1 (   D:2 (   D:6 *


Innate Abilities, Weirdness & Mutations

You are a tree.
Your roots penetrate the ground, keeping you stationary.
You cannot be teleported.
You are immune to unholy pain and torment.
Your maximum health is greatly increased.
Your equipment is partially melded.
You are small and have problems with some larger weapons.
You are completely attuned to the shadows.
((You have large cloven feet.))
You possess an exceptional clarity of mind.
You are dopey. (Int -2)
((Your system is resistant to poisons. (rPois)))
Your muscles are strong. (Str +2)
((Your movements are slightly less encumbered by armour. (ER -2)))


Message History

The wight barely misses you.
You barely miss the wight.
The wight is severely damaged.
The wight hits you but does no damage.
You closely miss the wight.
The wight is severely damaged.
The wight hits you but does no damage.
You barely miss the wight.
The wight is severely damaged.
You hit the wight but do no damage.
The wight is severely damaged.
The wight hits you with a +0 scimitar.
* * * LOW HITPOINT WARNING * * *
You feel drained.
You hit the wight but do no damage.
The wight is severely damaged.
You block the wight's attack.
You closely miss the wight.
The wight is severely damaged.
The wight hits you but does no damage.
You hit the wight but do no damage.
The wight is severely damaged.
The wight hits you with a +0 scimitar!
* * * LOW HITPOINT WARNING * * *
You closely miss the wight.
The wight is severely damaged.
You hit the wight but do no damage.
The wight is severely damaged.
The wight hits you with a +0 scimitar.
* * * LOW HITPOINT WARNING * * *
Unknown command.
It was a potion of brilliance.
You feel clever all of a sudden. The wight hits you but does no damage.
It was a potion of attraction.
You feel attractive to monsters. You block the wight's attack.
It was a potion of haste.
You feel yourself speed up. The wight hits you with a +0 scimitar.
You die...

#.#.....#
#.###..#
.###.....<.#
#.# #..#
...........#
#†###..#
######.....#
#.†..#.#
#.....#
#......#
#######
###.#### #...#
#########...#
#..)z♣.##...#
#.####.###.##
#......###.#
#z##.......#
+.##.##)#.#####
+..)....#.#
####......#
#......#
########


You could see a wight.

Vanquished Creatures
  A meliai (shapeshifter) (D:4)
  Edmund (D:6)
  Menkaure (D:6)
  2 necrophages
  3 ice beasts
  An ogre (D:4)
  Blork the orc (D:6)
  A water moccasin zombie (D:6)
  2 scorpions
  A water moccasin skeleton (D:5)
  4 wights (D:7)
  A howler monkey (D:6)
  2 centaur skeletons
  A jelly (D:4)
  6 hounds
  3 iguanas
  An orc wizard (D:4)
  A hound zombie (D:5)
  2 hound skeletons (D:4)
  8 adders
  A river rat (D:3)
  2 shadow imps
  2 ufetubi (D:6)
  3 worms
  4 dart slugs
  11 orcs
  5 ball pythons
  7 endoplasms
  5 giant cockroaches
  4 goblins
  8 hobgoblins
  9 kobolds
  2 quokkas
  4 bats (D:1)
  A frilled lizard (D:3)
  6 rats
117 creatures vanquished.

Vanquished Creatures (collateral kills)
  An ice beast (D:6)
1 creature vanquished.

Grand Total: 118 creatures vanquished

Notes
Turn   | Place    | Note
-------+----------+-------------------------------------------
     0 | D:1      | innerfire433 the Kobold Chaos Knight began the quest for
                  | the Orb.
     0 | D:1      | Reached XP level 1. HP: 14/14 MP: 1/1
   168 | D:1      | Reached skill level 1 in Armour
   168 | D:1      | Reached XP level 2. HP: 17/19 MP: 2/2
   189 | D:1      | XOM: divination: detect items
   209 | D:1      | Found a faded altar of an unknown god.
   490 | D:1      | XOM: noise
   788 | D:1      | Found Qusuboad's Weapon Boutique.
  1034 | D:1      | Reached XP level 3. HP: 23/23 MP: 3/3
  1354 | D:2      | XOM: 1-stop teleportation journey
  1505 | D:2      | Found Ythan's Antique Weapon Boutique.
  1676 | D:2      | XOM: noise
  1882 | D:2      | Reached XP level 4. HP: 29/29 MP: 4/4
  1898 | D:2      | Found a white marble altar of Elyvilon.
  2136 | D:2      | Identified the +5 whip of Embarrassment {spect, rC+ Stlth+}
  2533 | D:3      | XOM: silly message
  3102 | D:3      | XOM: confusion (+ monsters)
  3111 | D:3      | XOM: smoke on damage
  3280 | D:3      | XOM: divination: detect creatures
  3283 | D:3      | Reached XP level 5. HP: 12/33 MP: 5/5
  3444 | D:3      | XOM: give mutations
  3444 | D:3      | Gained mutation: You occasionally shout uncontrollably at
                  | your foes. [Xom's mischief]
  3444 | D:3      | Gained mutation: You are dopey. (Int -2) [Xom's mischief]
  3444 | D:3      | Gained mutation: You are very dopey. (Int -4) [Xom's
                  | mischief]
  4177 | D:4      | Noticed an ogre
  4186 | D:4      | Killed an ogre
  4187 | D:4      | Reached XP level 6. HP: 10/39 MP: 6/6
  4411 | D:4      | XOM: 1-stop teleportation journey
  4422 | D:4      | XOM: swap monsters
  4808 | D:4      | HP: 1/39 [something (4)]
  4810 | D:4      | Lost mutation: You occasionally shout uncontrollably at
                  | your foes. [potion of mutation]
  4810 | D:4      | Lost mutation: You are very dopey. (Int -4) [potion of
                  | mutation]
  4810 | D:4      | Gained mutation: You are partially covered in iridescent
                  | scales. (AC +2) [potion of mutation]
  4810 | D:4      | Gained mutation: You are partially covered in large bone
                  | plates. (SH +4) [potion of mutation]
  5154 | D:4      | XOM: cleaving
  5167 | D:4      | Reached XP level 7. HP: 44/44 MP: 7/7
  5236 | D:4      | Noticed a glowing shapeshifter
  5236 | D:4      | a kobold changed into a glowing shapeshifter
  5236 | D:4      | a glowing shapeshifter changed into a floating eye
  5240 | D:4      | Noticed a yaktaur
  5240 | D:4      | a floating eye changed into a yaktaur
  5245 | D:4      | Noticed a meliai
  5245 | D:4      | a yaktaur changed into a meliai
  5246 | D:4      | Killed a meliai
  5247 | D:4      | Reached skill level 5 in Fighting
  5247 | D:4      | Reached skill level 5 in Polearms
  5529 | D:4      | Lost mutation: You are partially covered in iridescent
                  | scales. (AC +2) [potion of mutation]
  5529 | D:4      | Lost mutation: You are partially covered in large bone
                  | plates. (SH +4) [potion of mutation]
  5529 | D:4      | Gained mutation: You have large cloven feet. [potion of
                  | mutation]
  5534 | D:4      | XOM: noise
  5644 | D:4      | Found a hide-covered altar of Uskayaw.
  5706 | D:4      | Found an ornate altar of the Wu Jian Council.
  5995 | D:5      | Entered Level 5 of the Dungeon
  6013 | D:5      | XOM: god gift: 17 gold pieces
  6117 | D:5      | Reached XP level 8. HP: 49/50 MP: 8/8
  6303 | D:5      | Found a staircase to the Ecumenical Temple.
  6303 | D:5      | XOM: 4-stop teleportation journey
  6341 | D:5      | XOM: stat loss: -1 Str (11/12)
  6760 | D:5      | XOM: god gift: scroll of fog
  7094 | Temple   | Entered the Ecumenical Temple
  7280 | Temple   | XOM: noise
  7433 | D:6      | XOM: 1-stop teleportation journey
  7581 | D:6      | Noticed Edmund
  7587 | D:6      | Found Gozag's Platinum Reserve.
  7587 | D:6      | XOM: 3-stop teleportation journey
  7624 | D:6      | Noticed Blork the orc
  7641 | D:6      | Killed Blork the orc
  7668 | D:6      | XOM: 2-stop teleportation journey
  7784 | D:6      | Found a snail-covered altar of Cheibriados.
  7787 | D:6      | XOM: scenery: create altars
  7899 | D:6      | XOM: 4-stop teleportation journey
  7915 | D:6      | Killed Edmund
  7916 | D:6      | Reached XP level 9. HP: 15/56 MP: 9/9
  7946 | D:6      | XOM: noise
  7980 | D:6      | Noticed Menkaure
  8051 | D:6      | XOM: blink monster(s)
  8054 | D:6      | XOM: potion effect (heal wounds)
  8055 | D:6      | XOM: chaos cloud
  8177 | D:6      | HP: 2/56 [ice beast (14)]
  8243 | D:6      | XOM: summons 8 friendly demons
  8293 | D:6      | XOM: give mutations
  8293 | D:6      | Gained mutation: Your movements are slightly less
                  | encumbered by armour. (ER -2) [Xom's grace]
  8293 | D:6      | Gained mutation: You possess an exceptional clarity of
                  | mind. [Xom's grace]
  8293 | D:6      | Gained mutation: Your muscles are strong. (Str +2) [Xom's
                  | grace]
  8293 | D:6      | Gained mutation: Your system is resistant to poisons.
                  | (rPois) [Xom's grace]
  8585 | D:6      | XOM: confuse monster(s)
  8589 | D:6      | Killed Menkaure
  8602 | D:6      | XOM: 1-stop teleportation journey
  8628 | D:6      | XOM: divination: detect items
  8784 | D:6      | Found an opulent altar of Gozag.
  9248 | D:7      | XOM: cloud trail
  9378 | D:7      | XOM: silly message
  9382 | D:7      | XOM: smoke on damage
  9393 | D:7      | Reached skill level 5 in Armour
  9437 | D:7      | HP: 1/73 [wight (4)]
  9440 | D:7      | Slain by a wight

Illustrated notes

Levels and vault maps discovered:
D:1:      ncdulo_halloftheorcs, layout_basic,
          dreamdust_ecumenical_altar_hidden_monk_grotto, serial_shops, shop
D:2:      layout_loops_ring, basic_altar, serial_shops, shop, minmay_tripent
D:3:      layout_loops_corners
D:4:      layout_basic, mainiacjoe_overflow_two_lobes
D:5:      layout_rooms, temple_fountains, minmay_misc_feat_ornament
D:6:      layout_rooms, nicolae_gozag_zags_fifth_avenue,
          mainiacjoe_overflow_catwalk, uniq_menkaure, uniq_blork_the_orc,
          uniq_edmund
D:7:      layout_loops_cross, gammafunk_ghost_smash, kennysheep_generic_room_12
Temple:   regret_index_temple_generic_petals

Skill      XL: |  1  2  3  4  5  6  7  8  9 |
---------------+----------------------------+-----
Armour         | 1 2 3 4 5 |  5.0
Polearms       | 3 4 5 6 7 |  7.6
Fighting       | 4 5 6 7 |  7.3
Dodging        | |  2.4

Action                   |  1- 3 |  4- 6 |  7- 9 || total
-------------------------+-------+-------+-------++-------
Melee: Spear             |    91 |   203 |   351 ||   645
       Punch             |     2 |     1 |       ||     3
       Kick              |       |       |   103 ||   103
  Use: Scroll            |       |     5 |     2 ||     7
       Potion            |       |     3 |     7 ||    10
 Stab: Sleeping          |    16 |    11 |    11 ||    38
       Confused          |       |     2 |     4 ||     6
       Paralysed         |       |     1 |     2 ||     3
Armor: Leather armour    |    21 |    49 |    62 ||   132
       Skin              |       |       |    10 ||    10
Dodge: Dodged            |    44 |    81 |   132 ||   257
Block: Other             |       |     7 |     1 ||     8
       Buckler           |       |       |    22 ||    22

Table legend: (Time is in decaauts)
 A = Elapsed time spent in this place.
 B = Non-inter-level travel time spent in this place.
 C = Inter-level travel time spent in this place.
 D = Time resting spent in this place.
 E = Time spent auto-exploring this place.
 F = Levels seen in this place.
 G = Mean time per level.
                   A        B        C        D        E       F      G
               +--------+--------+--------+--------+--------+-----+--------+
         Total |   9351 |   8733 |    618 |      0 |   7171 |   8 | 1168.9 |
       Dungeon |   9074 |   8456 |    618 |      0 |   6951 |   7 | 1296.3 |
        Temple |    276 |    276 |      0 |      0 |    220 |   1 |  276.0 |
               +--------+--------+--------+--------+--------+-----+--------+

Top non-repeatable levels by time:
     D:3: 1897 daAuts
     D:4: 1796 daAuts
     D:6: 1696 daAuts
     D:1: 1239 daAuts
     D:5: 1088 daAuts
     D:2: 1031 daAuts
     D:7: 323 daAuts
  Temple: 276 daAuts
